 Dungeon Crawl Stone Soup version 0.32-a0-329-ge6c31236d6 (webtiles) character file.

Game seed: 6606392110342024168

52924 RepHenryClay the Protected (level 14, 0/111 HPs)
             Began as a Ghoul Fighter on Feb 16, 2024.
             Was a High Priest of Okawaru.
             Slain by a balrug
             ... wielding a +2 vampiric demon whip
              (5 damage)
             ... on level 1 of the Abyss on Feb 17, 2024.
             The game lasted 00:47:46 (16483 turns).

RepHenryClay the Protected (Ghoul Fighter)         Turns: 16483, Time: 00:47:47

Health: 0/111      AC: 40    Str: 24 (25) XL:     14   Next: 66%
Magic:  21/21      EV:  7    Int:  4 (7)  God:    Okawaru [*****.]
Gold:   756        SH: 13    Dex: 14      Spells: 13/13 levels left

rFire   + + .        a - +1 eveningstar (elec)
rCold   + + .        M - +0 kite shield {rF+}
rNeg    + + +        X - +6 gold dragon scales
rPois   ∞            o - +0 helmet
rElec   .            n - +0 cloak
rCorr   +            v - +1 pair of gloves of Fae the Leaf {Int+4}
SInv    +            y - +0 pair of boots
Will    +....        x - amulet of regeneration Stlth
                     S - ring of the Blue Skies {^Contam rCorr AC+4 Int-4 SInv}
HPRegen 0.00/turn    b - +6 ring of dexterity
MPRegen 0.17/turn

%: no passive effects
@: on fire, heroic, inhibited regen, hasted (expiring), glowing, very quick
A: claws 1, cold resistance 1, negative energy resistance 3, inhibited
regeneration, torment resistance 2, devour on kill
a: Renounce Religion, Heroism, Finesse, Duel


You were on level 1 of the Abyss.
You worshipped Okawaru.
Okawaru was extremely pleased with you.
You visited 2 branches of the dungeon, and saw 14 of its levels.
You visited the Abyss 1 time.
You also visited: Sewer, Gauntlet and Ice Cave.

You collected 756 gold pieces.

Inventory:

Hand Weapons
 a - a +1 eveningstar of electrocution (weapon)
 c - the +6 war axe "Meos" {pain, rN+ Str+6}
   (You took it off a minotaur in a Gauntlet)

   Str+6:     It affects your strength (+6).
   rN+:       It protects you from negative energy.
Missiles
 k - 4 darts of dispersal
 r - 29 poisoned darts (quivered)
 D - 6 javelins
Armour
 g - the +5 moon troll leather armour {Spirit, Regen++ MP+5}
   (You found it on level 4 of the Lair of Beasts)

   MP+5:      It affects your magic capacity (+5).
   Regen++:   It increases your rate of health regeneration.
 n - a +0 cloak (worn)
 o - a +0 helmet (worn)
 v - the +1 pair of gloves of Fae the Leaf (worn) {Int+4}
   (You acquired it on level 1 of the Lair of Beasts)

   Int+4:     It affects your intelligence (+4).
 y - a +0 pair of boots (worn)
 M - a +0 kite shield of fire resistance (worn)
 X - +6 gold dragon scales (worn)
Jewellery
 b - a +6 ring of dexterity (right hand)
 d - an amulet of reflection
 p - a ring of fire
 w - an amulet of the acrobat
 x - an amulet of regeneration (around neck)
 E - the ring "Wawolam" {rPois MP+9 Str-4 Int+6 Dex-4}
   (You found it in a Gauntlet)

   [ring of magical power]

   Str-4:     It affects your strength (-4).
   Int+6:     It affects your intelligence (+6).
   Dex-4:     It affects your dexterity (-4).
   rPois:     It protects you from poison MP+9: It affects your magic capacity
   (+9).
 S - the ring of the Blue Skies (left hand) {^Contam rCorr AC+4 Int-4 SInv}
   (You took it off a minotaur in a Gauntlet)

   [ring of protection]

   AC+4:      It affects your AC (+4).
   Int-4:     It affects your intelligence (-4).
   SInv:      It lets you see invisible.
   ^Contam:   It causes magical contamination when unequipped.
   rCorr:     It protects you from acid and corrosion.
 U - the ring of the Scavenger {Ice rPois Int+4}
   (You found it in a Gauntlet)

   [ring of ice]

   Ice:       It enhances your ice magic.
   Int+4:     It affects your intelligence (+4).
   rF-:       It makes you vulnerable to fire.
   rC+:       It protects you from cold.
   rPois:     It protects you from poison
 V - a ring of resist corrosion
 Y - a ring of ice
Wands
 t - a wand of digging (4)
 A - a wand of flame (33)
 C - a wand of acid (15)
 F - a wand of polymorph (6)
 L - a wand of paralysis (1)
 P - a wand of iceblast (4)
 R - a wand of mindburst (7)
Scrolls
 f - 2 scrolls of noise
 j - a scroll of revelation
 q - 4 scrolls of amnesia
 z - 3 scrolls of poison
 I - a scroll of identify {@r1}
 O - 2 scrolls of vulnerability
Potions
 e - 2 potions of cancellation
 h - 4 potions of brilliance
 l - a potion of heal wounds
 u - a potion of haste
 B - 3 potions of curing
 H - a potion of attraction
 J - 2 potions of magic
 Z - 3 potions of mutation
Miscellaneous
 K - a lightning rod (inert)


   Skills:
 + Level 6.8(11.8) Fighting
 - Level 2.3(13.3) Axes
 + Level 12.4(17.5) Maces & Flails
 + Level 13.7(18.7) Armour
 - Level 10.0(15.0) Shields
 - Level 10.0 Invocations


You had 13 spell levels left.
You didn't know any spells.
Your spell library contained the following spells:

 Spells                   Type           Power      Damage    Failure   Level
 Magic Dart               Conj           0%         1d3       100%        1
 Shock                    Conj/Air       0%         1d3       100%        1
 Searing Ray              Conj           0%         2d4       100%        2
 Inner Flame              Hex/Fire       0%         N/A       100%        3
 Swiftness                Air            0%         N/A       100%        3
 Airstrike                Air            0%         2d(0-16)  100%        4
 Cause Fear               Hex            0%         N/A       100%        4
 Flame Wave               Conj/Fire      0%         2d4       100%        4
 Fulminant Prism          Conj/Alch      0%         3d5       100%        4
 Passage of Golubria      Tloc           0%         N/A       100%        4
 Petrify                  Alch/Erth      0%         N/A       100%        4
 Sticky Flame             Fire/Alch      0%         2d4       100%        4
 Fireball                 Conj/Fire      0%         3d3       100%        5
 Irradiate                Conj/Alch      0%         3d11      100%        5
 Yara's Violent Unravell  Hex/Alch       0%         3d3       100%        5
 Ignition                 Fire           0%         3d3       100%        8
 Sublimation of Blood     Necr           Unusable   N/A       N/A         2
 Tukima's Dance           Hex            Unusable   N/A       N/A         3
 Martyr's Knell           Necr/Summ      Unusable   N/A       N/A         4
 Summon Blazeheart Golem  Fire/Summ      Unusable   N/A       N/A         4
 Dragon's Call            Summ           Unusable   N/A       N/A         9

Dungeon Overview and Level Annotations

Branches:
Dungeon (10/15)            Temple (0/1) D:5            Lair (4/5) D:8
  Swamp (0/4) Lair:3        Snake (0/4) Lair:2        Sewer (visited)
  IceCv (visited)         Gauntlet (visited)
  Slime: Lair:4-5       Orc: D:9-12

Altars:
Ashenzari
Cheibriados
Okawaru
Xom

Annotations:
D:6 2 runed translucent doors unfinished, PriceMaster's ghost, novice SpEE
D:7 1 runed translucent door, pazhot's ghost, novice MiFi
Lair:1 2 transporters, Nyony's ghost, journeyman TrSh
Lair:4 Sonja


Innate Abilities, Weirdness & Mutations

You are immune to poison.
You have sharp fingernails.
Your flesh is cold resistant. (rC+)
You are immune to negative energy. (rN+++)
You do not regenerate when monsters are visible.
You are immune to unholy pain and torment.
You thrive by killing the living.


Message History

Damage: -4%(-4hp) hp: 39%(43hp) Welcome back, RepHenryClay the Ghoul Fighter.
Okawaru says: Bring me glory in combat!
Press ? for a list of commands and other information.
You bludgeon the balrug!!
The balrug is almost dead.
The liquid fire burns you!
* * * LOW HITPOINT WARNING * * *
The balrug hits you but does no damage.
Damage: -1%(-1hp) hp: 38%(42hp) Welcome back, RepHenryClay the Ghoul Fighter.
Okawaru says: Bring me glory in combat!
Press ? for a list of commands and other information.
You barely miss the balrug.
The balrug is almost dead.
The liquid fire burns you!
* * * LOW HITPOINT WARNING * * *
Damage: -1%(-1hp) hp: 37%(41hp) Welcome back, RepHenryClay the Ghoul Fighter.
Okawaru says: Bring me glory in combat!
Press ? for a list of commands and other information.
You closely miss the balrug.
The balrug is almost dead.
The liquid fire burns you!
* * * LOW HITPOINT WARNING * * *
The balrug hits you with a +2 vampiric demon whip!
* * * LOW HITPOINT WARNING * * *
You are engulfed in flames!
You resist.
* * * LOW HITPOINT WARNING * * *
Huge Dmg: -18%(-20hp) hp: 19%(21hp) Welcome back, RepHenryClay the Ghoul Fighter.
Okawaru says: Bring me glory in combat!
Press ? for a list of commands and other information.
You puncture the balrug!
The balrug is almost dead.
The liquid fire burns you!
The balrug hits you with a +2 vampiric demon whip!
* * * LOW HITPOINT WARNING * * *
You are engulfed in flames.
You resist.
You die...

.# .. #.. . #
###... #..#.#
#..#2# #.@# ###.
. #..#2X...#
....#.x.H.§§.~
..#.....#.t##~≈≈
...#..# ##5~ ~
..##..~ ~5~~ # #
≈~.# . .##. ≈~≈~
.# #.


You could see a balrug, a snapping turtle (summoned), a manticore (summoned), a
large abomination, a worldbinder, a white imp and an ufetubus.

Vanquished Creatures
  2 tentacled starspawn (Abyss:1)
  A frost giant (IceCv)
  A minotaur (Gauntlet)
  2 hydras (Lair:2)
  9 death yaks (IceCv)
  A hell hog (Gauntlet)
  A thrashing horror (Abyss:1)
  A wretched star (Abyss:1)
  A skyshark (Lair:3)
  A bog body (Lair:3)
  5 elephants (Lair:1)
  An ice statue (IceCv)
  An apocalypse crab (Abyss:1)
  8 cane toads
  A smoke demon (Gauntlet)
  8 rime drakes
  9 komodo dragons
  A silent spectre (Abyss:1)
  6 polar bears
  Grinder (D:4)
  3 raiju
  11 blink frogs
  3 hornets
  5 wyverns
  24 yaks
  4 fire bats (Gauntlet)
  3 steam dragons
  A basilisk (Lair:2)
  A swamp worm (Lair:3)
  4 nagas (Lair:2)
  2 acid dragons
  5 water moccasins
  2 hell hounds (Gauntlet)
  9 orc warriors
  2 sky beasts
  4 centaurs
  2 phantoms
  22 wolves
  2 kobold brigands
  3 brain worms
  7 bullfrogs
  2 small abominations (Abyss:1)
  4 scorpions
  3 wights (D:6)
  4 electric eels
  3 howler monkeys
  A jelly (D:7)
  2 bombardier beetles (D:6)
  A gnoll bouda (D:5)
  4 hounds
  5 orc priests
  Crazy Yiuf (D:3)
  An iguana (D:5)
  3 sleepcaps
  5 orc wizards
  7 hell rats (Lair:2)
  Robin (D:2)
  4 gnolls (D:5)
  12 adders
  A white imp (D:6)
  4 ufetubi
  A dart slug (D:3)
  3 ribbon worms
  34 orcs
  8 ball pythons
  9 endoplasms
  2 giant cockroaches
  16 goblins
  9 hobgoblins
  6 jackals
  20 kobolds
  A quokka (D:4)
  11 bats
  6 frilled lizards
  7 rats
  A starspawn tentacle (Abyss:1)
382 creatures vanquished.

Vanquished Creatures (others)
  5 starspawn tentacles (Abyss:1)
5 creatures vanquished.

Grand Total: 387 creatures vanquished

Notes
Turn   | Place    | Note
-------+----------+-------------------------------------------
     0 | D:1      | RepHenryClay the Ghoul Fighter began the quest for the Orb.
     0 | D:1      | Reached XP level 1. HP: 19/19 MP: 1/1
    81 | D:1      | Reached XP level 2. HP: 26/26 MP: 2/2
   158 | D:1      | Reached skill level 3 in Armour
   351 | D:1      | Found a faded altar of an unknown god.
   382 | D:1      | Reached XP level 3. HP: 31/31 MP: 3/3
   595 | D:2      | Reached skill level 1 in Maces & Flails
   702 | D:2      | Noticed Robin
   738 | D:2      | Reached XP level 4. HP: 33/38 MP: 4/4
   749 | D:2      | Killed Robin
  1330 | D:3      | Reached XP level 5. HP: 45/45 MP: 5/5
  1466 | D:3      | Found a runed translucent door.
  1467 | D:3      | Noticed Crazy Yiuf
  1522 | D:3      | Found a glowing drain.
  1533 | Sewer    | Entered a sewer
  1577 | Sewer    | Noticed a crocodile
  1594 | Sewer    | HP: 2/45 [crocodile (12)]
  1615 | D:3      | Reached XP level 6. HP: 19/51 MP: 6/6
  2055 | D:3      | Found a shimmering altar of Xom.
  2146 | D:3      | Noticed an angel
  2566 | D:3      | Killed Crazy Yiuf
  2567 | D:3      | Reached skill level 5 in Maces & Flails
  2856 | D:4      | Reached skill level 4 in Armour
  2856 | D:4      | Reached XP level 7. HP: 45/57 MP: 7/7
  3267 | D:4      | Identified the +1 robe "Vyluogam" {Dex+3}
  3294 | D:4      | Noticed Grinder
  3319 | D:4      | Paralysed by Grinder for 2 turns
  3326 | D:4      | Paralysed by Grinder for 3 turns
  3327 | D:4      | Killed Grinder
  3328 | D:4      | Reached skill level 5 in Armour
  3707 | D:5      | Entered Level 5 of the Dungeon
  3774 | D:5      | Reached XP level 8. HP: 63/63 MP: 8/8
  3887 | D:5      | Found an iron altar of Okawaru.
  3895 | D:5      | Became a worshipper of Warmaster Okawaru
  4112 | D:5      | Reached skill level 1 in Invocations
  4375 | D:5      | Found a staircase to the Ecumenical Temple.
  4415 | D:5      | Reached * piety under Okawaru
  4959 | D:6      | Reached skill level 5 in Invocations
  5143 | D:6      | Reached skill level 6 in Armour
  5149 | D:6      | Reached XP level 9. HP: 65/70 MP: 12/12
  5358 | D:6      | Found a large runed translucent door.
  5359 | D:6      | Found a large runed translucent door.
  5360 | D:6      | Noticed PriceMaster's ghost (novice SpEE)
  5906 | D:6      | Noticed a manticore
  6047 | D:7      | Found a snail-covered altar of Cheibriados.
  6078 | D:7      | Got the Volume of the Blistering Crypt
  6135 | D:7      | Found a broken altar of Ashenzari.
  6186 | D:7      | Reached skill level 7 in Armour
  6199 | D:7      | Reached ** piety under Okawaru
  6233 | D:7      | Found a runed translucent door.
  6233 | D:7      | Noticed pazhot's ghost (novice MiFi)
  7102 | D:8      | Reached skill level 8 in Armour
  7278 | D:8      | Reached XP level 10. HP: 77/77 MP: 13/13
  7303 | D:8      | Reached *** piety under Okawaru
  7840 | D:8      | Found a staircase to the Lair.
  8450 | D:9      | Reached skill level 9 in Armour
  8655 | D:10     | Entered Level 10 of the Dungeon
  8744 | Lair:1   | Entered Level 1 of the Lair of Beasts
  8744 | Lair:1   | Noticed a cane toad
  8765 | D:8      | Reached **** piety under Okawaru
  8777 | D:8      | Reached skill level 10 in Maces & Flails
  8924 | D:8      | Killed a cane toad
  9019 | Lair:1   | Identified a scroll of acquirement
  9019 | Lair:1   | Acquired the +1 pair of gloves of Fae the Leaf {Int+4}
  9135 | Lair:1   | Noticed an elephant
  9135 | Lair:1   | Noticed an elephant
  9163 | Lair:1   | Found a gate leading to a gauntlet.
  9172 | Gauntlet | Entered a Gauntlet
  9172 | Gauntlet | Found a transporter.
  9189 | Gauntlet | Found a transporter.
  9199 | Gauntlet | Noticed a smoke demon
  9200 | Gauntlet | Found a transporter.
  9203 | Gauntlet | Found a transporter.
  9213 | Gauntlet | Found a transporter.
  9226 | Gauntlet | Noticed a hell hog
  9229 | Gauntlet | Found a transporter.
  9240 | Gauntlet | Found a transporter.
  9243 | Gauntlet | Noticed a quicksilver ooze
  9252 | Gauntlet | Found a transporter.
  9263 | Gauntlet | Noticed a death yak
  9263 | Gauntlet | Noticed a death yak
  9263 | Gauntlet | Noticed a death yak
  9264 | Gauntlet | Noticed a death yak
  9264 | Gauntlet | Noticed a death yak
  9264 | Gauntlet | Noticed a death yak
  9264 | Gauntlet | Noticed a necromancer
  9266 | Gauntlet | Found a transporter.
  9266 | Gauntlet | Found a transporter.
  9294 | Gauntlet | Found a transporter.
  9296 | Gauntlet | Found a transporter.
  9346 | Gauntlet | Found a transporter.
  9360 | Gauntlet | Found a transporter.
  9455 | Gauntlet | Reached skill level 10 in Armour
  9455 | Gauntlet | Reached XP level 11. HP: 77/82 MP: 12/14
  9573 | Gauntlet | Identified the ring "Wawolam" {rPois MP+9 Str-4 Int+6
                  | Dex-4}
  9594 | Gauntlet | Killed a hell hog
  9617 | Gauntlet | Identified the +6 war axe "Meos" {pain, rN+ Str+6}
  9617 | Gauntlet | Identified the +0 plate armour "Zarimit" {Int+2}
  9617 | Gauntlet | Identified the ring of the Blue Skies {^Contam rCorr AC+4
                  | Int-4 SInv}
  9617 | Gauntlet | Noticed a minotaur
  9624 | Gauntlet | Killed a minotaur
  9653 | Gauntlet | Identified the ring of the Scavenger {Ice rPois Int+4}
  9747 | Lair:1   | Reached ***** piety under Okawaru
  9835 | Lair:1   | Reached skill level 11 in Armour
 10018 | Lair:1   | Identified the +11 dagger of Equilibrium {freeze, +Blink
                  | rPois rC- Dex+4}
 10082 | Lair:1   | Noticed a catoblepas
 10083 | Lair:1   | Noticed Nyony's ghost (journeyman TrSh)
 10100 | Lair:1   | Found a transporter.
 10104 | Lair:1   | Found a transporter.
 10121 | Lair:1   | Received a gift from Okawaru
 10982 | Lair:1   | Reached XP level 12. HP: 88/89 MP: 15/15
 11413 | Lair:2   | Noticed a five-headed hydra
 11437 | Lair:2   | Killed a five-headed hydra
 11438 | Lair:2   | Reached skill level 5 in Shields
 11485 | Lair:2   | Noticed a five-headed hydra
 11751 | Lair:2   | Found a frozen archway.
 11759 | IceCv    | Entered an ice cave
 11796 | IceCv    | Received a gift from Okawaru
 12125 | IceCv    | Noticed a death yak
 12125 | IceCv    | Noticed a death yak
 12179 | IceCv    | Killed a death yak
 12188 | IceCv    | Killed a death yak
 12258 | IceCv    | Noticed a death yak
 12343 | IceCv    | Reached skill level 12 in Armour
 12343 | IceCv    | Reached XP level 13. HP: 94/94 MP: 16/16
 12597 | IceCv    | Reached skill level 10 in Shields
 13289 | IceCv    | Noticed a frost giant
 13360 | IceCv    | Killed a frost giant
 13360 | IceCv    | Received a gift from Okawaru
 13361 | IceCv    | Reached XP level 14. HP: 41/102 MP: 20/20
 13999 | Lair:2   | Reached skill level 10 in Invocations
 14118 | Lair:2   | Found a staircase to the Snake Pit.
 14136 | Lair:2   | Reached skill level 13 in Armour
 14780 | Lair:2   | Reached ****** piety under Okawaru
 14781 | Lair:2   | Acquired a +1 eveningstar of distortion
 14781 | Lair:2   | Received a gift from Okawaru
 14782 | Lair:2   | Acquired +1 gold dragon scales
 14782 | Lair:2   | Received a gift from Okawaru
 15260 | Lair:2   | Reached skill level 5 in Fighting
 15474 | Lair:3   | Found a staircase to the Swamp.
 15476 | Lair:3   | Received a gift from Okawaru
 15744 | Lair:3   | You fall into a shaft and drop 1 floor!
 15790 | Lair:4   | Found the +5 moon troll leather armour {Spirit, Regen++
                  | MP+5}
 16149 | Lair:4   | Noticed Sonja
 16157 | Abyss:1  | Cast into level 1 of the Abyss (Sonja)
 16175 | Abyss:1  | Found a corrupted altar of Lugonu.
 16361 | Abyss:1  | Noticed a tentacled starspawn
 16365 | Abyss:1  | Noticed a tentacled starspawn
 16378 | Abyss:1  | Killed a tentacled starspawn
 16388 | Abyss:1  | Killed a tentacled starspawn
 16471 | Abyss:1  | Noticed a balrug
 16483 | Abyss:1  | HP: 5/111 [balrug/+2 vampiric demon whip (16)]
 16483 | Abyss:1  | Slain by a balrug

Illustrated notes

Levels and vault maps discovered:
D:1:      evilmike_arrival_crescent, layout_basic, basic_ecumenical_altar,
          chequers_serial_rivers_micro_d
D:2:      minmay_angry_zag, layout_basic, uniq_robin
D:3:      layout_loops_corners, mainiacjoe_overflow_brackets, zin_angel,
          mainiacjoe_sewer_entry_somewhere_in_here_1, uniq_crazy_yiuf_cottage
D:4:      layout_gridville, kennysheep_generic_room_11, uniq_grinder
D:5:      layout_basic, mainiacjoe_overflow_boulevard,
          minmay_temple_entry_waves, chequers_serial_rivers_micro_d
D:6:      layout_loops_corners, ebering_ghost_disaster_area,
          lightli_corner_chamber
D:7:      layout_basic, old_standard_altar, mainiacjoe_overflow_tiny_flanked,
          serial_corexii_hall, corexii_hall_statues_t,
          chequers_hall_statues_wall_a, gammafunk_ghost_grave
D:8:      layout_loops_ring, lair_entry_dummy, minmay_misc_feat_enclosed,
          minmay_diced_spiral
D:9:      layout_roguey, special_room [special_room_orc]
D:10:     layout_basic, erik_orc_2, nicolae_custom_books, uniq_snorg
Lair:1:   layout_cellular_growth, nzn_ghost_randoct, gauntlet_entry_generic,
          serial_bayou_pond_b, serial_bayou_shore_a
Lair:2:   layout_small_grid, minmay_snake_entry_guardpost_small,
          portal_ice_cave_entry_pillars_2
Lair:3:   layout_gridlike, nicolae_swamp_entry_splash_gauntlet,
          serial_bayou_shore_b, grunt_megastairs_3
Lair:4:   layout_cave_pods, uniq_sonja
Abyss:1:  base: D:3, base: D:3, base: D:3, base: D:3, base: D:3, base: D:3,
          base: D:3, evilmike_abyss_exit_12, base: D:3, base: D:3, base: D:3,
          base:
D:3

Skill      XL: |  1  2  3  4  5  6  7  8  9 10 11 12 13 14 |
---------------+-------------------------------------------+-----
Axes           | 2 |  2.3
Armour         | 3 4 5 6 8 10 11 12 13 | 13.7
Maces & Flails | 2 3 4 5 6 7 8 10 11 12 | 12.4
Invocations    | 5 8 10 | 10.0
Shields        | 3 9 10 | 10.0
Fighting       | 6 |  6.8

Action                     |  1- 3 |  4- 6 |  7- 9 | 10-12 | 13-15 || total
---------------------------+-------+-------+-------+-------+-------++-------
  Melee: War axe           |    26 |       |       |    92 |    39 ||   157
         Whip              |    45 |   233 |   457 |   586 |   480 ||  1801
         Flail             |       |       |    53 |       |       ||    53
         Eveningstar       |       |       |       |       |   236 ||   236
  Throw: Dart              |       |       |     4 |     3 |     7 ||    14
         Javelin           |       |       |       |       |     2 ||     2
 Invoke: Heroism           |       |       |       |    10 |     7 ||    17
         Receive Weapon    |       |       |       |       |     1 ||     1
         Receive Armour    |       |       |       |       |     1 ||     1
  Evoke: Wand              |       |       |       |     7 |     7 ||    14
         Lightning rod     |       |       |       |     9 |     4 ||    13
    Use: Scroll            |       |     8 |     1 |    14 |     8 ||    31
         Potion            |       |     4 |       |     5 |     3 ||    12
   Stab: Invisible         |       |       |       |     2 |       ||     2
 Armour: Scale mail        |    43 |   131 |    95 |       |       ||   269
         Chain mail        |       |       |   121 |    23 |       ||   144
         Plate armour      |       |       |       |   469 |   199 ||   668
         Gold dragon scale |       |       |       |       |   190 ||   190
  Dodge: Dodged            |    32 |    96 |   118 |   158 |    88 ||   492
  Block: Buckler           |    21 |    50 |   181 |    82 |       ||   334
         Reflection        |       |     1 |     6 |     5 |    10 ||    22
         Kite shield       |       |       |       |   220 |   392 ||   612

Table legend: (Time is in decaauts)
 A = Elapsed time spent in this place.
 B = Non-inter-level travel time spent in this place.
 C = Inter-level travel time spent in this place.
 D = Time resting spent in this place.
 E = Time spent auto-exploring this place.
 F = Levels seen in this place.
 G = Mean time per level.
                   A        B        C        D        E       F      G
               +--------+--------+--------+--------+--------+-----+--------+
         Total |  15937 |  15117 |    820 |   1639 |   9233 |  18 |  885.4 |
       Dungeon |   8910 |   8235 |    675 |    488 |   6046 |  10 |  891.0 |
          Lair |   4339 |   4194 |    145 |    625 |   2405 |   4 | 1084.8 |
         Abyss |    308 |    308 |      0 |     83 |      0 |   1 |  308.0 |
         Sewer |     70 |     70 |      0 |      0 |      9 |   1 |   70.0 |
      Ice Cave |   1785 |   1785 |      0 |    418 |    491 |   1 | 1785.0 |
      Gauntlet |    524 |    524 |      0 |     25 |    281 |   1 |  524.0 |
               +--------+--------+--------+--------+--------+-----+--------+

Top non-repeatable levels by time:
  Lair:2: 1838 daAuts
   IceCv: 1785 daAuts
  Lair:1: 1606 daAuts
     D:8: 1479 daAuts
     D:3: 1310 daAuts
     D:6: 1179 daAuts
     D:4: 1076 daAuts
     D:5: 1062 daAuts
     D:9: 766 daAuts
     D:7: 709 daAuts
     D:2: 671 daAuts
     D:1: 652 daAuts
Gauntlet: 524 daAuts
  Lair:3: 486 daAuts
  Lair:4: 408 daAuts
